 Dungeon Crawl Stone Soup version 0.21-a0-509-gecc5317 (webtiles) character file.

505 DarkHelmet the Conjurer (level 6, -15/32 HPs)
             Began as a Deep Elf Fire Elementalist on Nov 30, 2017.
             Demolished by ShadedKnight's ghost (17 damage)
             ... on level 5 of the Dungeon.
             The game lasted 00:07:10 (5522 turns).

DarkHelmet the Conjurer (DEFE)                      Turns: 5522, Time: 00:07:10

Health: -15/32     AC:  4    Str:  5    XL:     6   Next: 96%
Magic:  5/14       EV: 13    Int: 20    God:
Gold:   132        SH:  4    Dex: 15    Spells: 5/13 levels left

rFire    . . .     SeeInvis .   u - +8 dagger of the Evil Eye {freeze, rN++ Int-2}
rCold    . . .     Gourm    .   (no shield)
rNeg     + + .     Faith    .   a - +0 robe
rPois    .         Spirit   .   p - +0 helmet
rElec    .         Reflect  +   (no cloak)
rCorr    .         Harm     .   t - +0 pair of gloves (curse)
MR       .....                  (no boots)
Stlth    ++........             v - +4 amulet of reflection
HPRegen  0.10/turn              (no ring)
MPRegen  0.14/turn              (no ring)

@: slowed, very slow
A: no striking features
a: no special abilities


You were on level 5 of the Dungeon.
You were near starving.

You visited 1 branch of the dungeon, and saw 5 of its levels.

You collected 132 gold pieces.

Inventory:

Hand Weapons
 q - a +0 flail
 u - the +8 dagger of the Evil Eye (weapon) {freeze, rN++ Int-2}
   (You found it on level 4 of the Dungeon)

   It has been specially enchanted to freeze those struck by it, causing extra
   injury to most foes and up to half again as much damage against particularly
   susceptible opponents.
   It can also slow down cold-blooded creatures.
   It affects your intelligence (-2).
   It greatly protects you from negative energy.
Armour
 a - a +0 robe (worn)
 p - a +0 helmet (worn)
 t - a cursed +0 pair of gloves (worn)
Jewellery
 d - an uncursed amulet of rage
 v - a +4 amulet of reflection (around neck)
Scrolls
 e - 2 scrolls of immolation {unknown}
 g - 2 scrolls of remove curse
 i - a scroll of random uselessness {unknown}
 j - 2 scrolls of identify
 l - a scroll of enchant armour {unknown}
 n - a scroll of magic mapping {unknown}
 r - a scroll of amnesia {unknown}
Potions
 f - a potion of haste {unknown}
 h - a potion of invisibility {unknown}
 m - a potion of cancellation {unknown}
 s - 3 potions of curing {unknown}
 w - a potion of ambrosia {unknown}
Books
 b - a book of Flames

   Spells                             Type                      Level
   a - Flame Tongue                   Conjuration/Fire             1
   b - Throw Flame                    Conjuration/Fire             2
   c - Conjure Flame                  Conjuration/Fire             3
   d - Inner Flame                    Hexes/Fire                   3
   e - Sticky Flame                   Conjuration/Fire             4
   f - Fireball                       Conjuration/Fire             5
Comestibles
 c - 5 bread rations
 k - 4 meat rations
 o - a royal jelly


   Skills:
 + Level 2.6 Short Blades
 - Level 2.6 Dodging
 - Level 2.6 Stealth
 - Level 4.0 Spellcasting
 - Level 5.4 Conjurations
 - Level 5.2 Fire Magic


You had 5 spell levels left.
You knew the following spells:

 Your Spells              Type           Power        Failure   Level  Hunger
a - Flame Tongue          Conj/Fire      ####.        1%          1    None
b - Conjure Flame         Conj/Fire      ####....     4%          3    ###....
c - Sticky Flame          Conj/Fire      ####....     14%         4    ####...


Dungeon Overview and Level Annotations

Branches:
Dungeon (5/15)
 Temple: D:4-7

Altars:
Ashenzari
Dithmenos
Hepliaklqana
Qazlal
Vehumet
Xom

Annotations:
D:5 ShadedKnight's ghost, novice NaWn


Message History

ShadedKnight's ghost is engulfed in blazing flames.
ShadedKnight's ghost hits you.
* * * LOW HITPOINT WARNING * * *
ShadedKnight's ghost is engulfed in blazing flames.
ShadedKnight's ghost barely misses you.
Casting: Flame Tongue
Confirm with . or Enter, or press ? or * to list all spells.
Aiming: Flame Tongue
Press: ? - help, Shift-Dir - straight line, f/p - orc priest
Aim: an orc priest, wielding a hand axe and wearing a leather armour (heavily wounded)
The flame tongue hits ShadedKnight's ghost.
ShadedKnight's ghost is severely damaged.
ShadedKnight's ghost is engulfed in blazing flames.
ShadedKnight's ghost barely misses you.
ShadedKnight's ghost is engulfed in blazing flames.
ShadedKnight's ghost ripples.
The orc priest looks satisfied for a moment.
ShadedKnight's ghost hits you!
Ouch! That really hurt!
You die...

..###.... ......... .#
a..)....# ..###
..W.....## ##.....
#.......# ..#....#
#..####o## #....#
##o#####....##
#W..........#
#@.......##..#
#.......## ##........#
#...####..# ......#
#..####.#
........###..###......#
.>.....# #.....#....#
....... ##..#######.#
....... #..#


You could see an orc priest, an orc wizard and ShadedKnight's ghost.

Vanquished Creatures
  A bullfrog (D:4)
  A howler monkey (D:4)
  An orc wizard (D:5)
  2 orc priests (D:5)
  3 hounds
  An iguana (D:4)
  2 worker ants (D:4)
  3 gnolls (D:3)
  5 adders
  An ooze (D:4)
  2 adder skeletons (D:4)
  2 worms
  A dart slug (D:4)
  4 leopard geckos
  2 orcs
  6 bats
  3 giant cockroaches
  3 goblins
  2 hobgoblins
  10 jackals
  5 kobolds
  A quokka (D:4)
  2 ball pythons
  3 frilled lizards
  5 rats
71 creatures vanquished.

Notes
Turn   | Place    | Note
-------+----------+-------------------------------------------
     0 | D:1      | DarkHelmet the Deep Elf Fire Elementalist began the quest for the Orb.
     0 | D:1      | Reached XP level 1. HP: 10/10 MP: 6/6
     0 | D:1      | Noticed a spriggan
     0 | D:1      | Noticed a centaur
     0 | D:1      | Noticed a ghoul
     6 | D:1      | Noticed an elf
     7 | D:1      | Noticed a naga
     8 | D:1      | Noticed a troll
    10 | D:1      | Noticed a gargoyle
    12 | D:1      | Noticed a centaur
    14 | D:1      | Noticed a gargoyle
    16 | D:1      | Noticed an ogre
    16 | D:1      | Noticed a human
    16 | D:1      | Noticed a spriggan
    18 | D:1      | Noticed a minotaur
    20 | D:1      | Noticed a naga
   247 | D:1      | Reached XP level 2. HP: 15/15 MP: 6/8
  1227 | D:2      | Reached XP level 3. HP: 10/19 MP: 0/10
  1909 | D:3      | Reached XP level 4. HP: 24/24 MP: 2/11
  3157 | D:3      | Found a glowing silver altar of Zin.
  3159 | D:3      | Found a shattered altar of Ashenzari.
  3159 | D:3      | Found a shimmering altar of Xom.
  3161 | D:3      | Found a hazy altar of Hepliaklqana.
  3161 | D:3      | Found a stormy altar of Qazlal.
  3161 | D:3      | Found a radiant altar of Vehumet.
  3267 | D:4      | Reached XP level 5. HP: 28/28 MP: 10/13
  3615 | D:4      | Found a shadowy altar of Dithmenos.
  4397 | D:4      | Got a fine leather armour
  4399 | D:4      | Identified the cursed +0 leather armour of Day {+Inv rF+ MR-} (You found it on level 4 of the Dungeon)
  4594 | D:4      | Reached skill level 5 in Conjurations
  4594 | D:4      | Reached skill level 5 in Fire Magic
  4594 | D:4      | Reached XP level 6. HP: 22/32 MP: 10/14
  4843 | D:4      | Got a slimy dagger
  4905 | D:4      | Identified the +8 dagger of the Evil Eye {freeze, rN++ Int-2} (You found it on level 4 of the Dungeon)
  4931 | D:5      | Entered Level 5 of the Dungeon
  4948 | D:5      | Reached skill level 1 in Short Blades
  5439 | D:5      | Learned a level 3 spell: Conjure Flame
  5444 | D:5      | Learned a level 4 spell: Sticky Flame
  5508 | D:5      | Noticed ShadedKnight's ghost (novice NaWn)
  5522 | D:5      | Demolished by ShadedKnight's ghost

Vault maps used:
D:1:      shiori_arrival_whats_in_store_for_you
D:2:      first_bread
D:3:      doesnt_xom_only_xom, kennysheep_generic_room_14
D:4:      nicolae_dithmenos_through_a_glass_darkly, hangedman_decor_push
D:5:      gammafunk_temple_overflow_forgotten, grunt_temple_overflow_cloverleaf,
          temple_green

Skill      XL: |  1  2  3  4  5  6 |
---------------+-------------------+-----
Conjurations   | 2 3 5 |  5.4
Spellcasting   | 4 |  4.0
Fire Magic     | 4 5 |  5.2
Short Blades   | 2 |  2.6
Dodging        | |  2.6
Stealth        | |  2.6

Action                   |  1- 3 |  4- 6 || total
-------------------------+-------+-------++-------
Melee: Mace              |    30 |     1 ||    31
       Flail             |       |     1 ||     1
       Dagger            |       |    13 ||    13
 Cast: Flame Tongue      |    50 |    98 ||   148
       Conjure Flame     |       |     1 ||     1
  Use: Scroll            |       |     2 ||     2
 Stab: Sleeping          |     4 |       ||     4
  Eat: Chunk             |     3 |     9 ||    12
Armor: Robe              |    12 |     7 ||    19
Dodge: Dodged            |    57 |    24 ||    81
Block: Other             |       |     2 ||     2

Table legend:
 A = Spawn XP
 B = Non-spawn XP
 C = Spawn XP percentage of total XP
 D = Spawn monster count
 E = Non-spawn monster count
 F = Spawn count percentage of total count
 G = Total turns spent on level
                    A         B        C        D         E        F      G
               +---------+---------+-------+---------+---------+-------+---------
         Total |       0 |     722 |   0.0 |       0 |      71 |   0.0 |  5522
               +---------+---------+-------+---------+---------+-------+---------
           D:1 |       0 |      29 |   0.0 |       0 |      15 |   0.0 |   894
           D:2 |       0 |      44 |   0.0 |       0 |      14 |   0.0 |   941
           D:3 |       0 |      88 |   0.0 |       0 |      20 |   0.0 |  1427
           D:4 |       0 |     378 |   0.0 |       0 |      16 |   0.0 |  1909
           D:5 |       0 |     183 |   0.0 |       0 |       6 |   0.0 |   351
               +---------+---------+-------+---------+---------+-------+---------
